 Dungeon Crawl Stone Soup version 0.29-a0-559-g359e09b9d1 (webtiles) character file.

Game seed: 11843445525650040319

59 DocClef the Covert (level 4, 0/41 HPs)
             Began as a Gnoll Delver on June 9, 2022.
             Slain by an orc priest
             ... wielding a +0 club
              (1 damage)
             ... on level 5 of the Dungeon.
             The game lasted 00:00:13 (89 turns).

DocClef the Covert (Gnoll Delver)                     Turns: 89, Time: 00:00:13

Health: 0/41       AC: -4    Str: 12    XL:     4   Next: 3%
Magic:  3/5        EV: 13    Int:  9    God:
Gold:   12         SH:  0    Dex: 15    Spells: 5/5 levels left

rFire   . . .      SeeInvis .   a - +0 short sword
rCold   . . .      Faith    .   (no shield)
rNeg    . . .      Spirit   .   b - +0 leather armour
rPois   .          Reflect  .   (no helmet)
rElec   .          Harm     .   (no cloak)
rCorr   .          Rampage  .   (no gloves)
Will    .....                   (no boots)
Stlth   ++++......              (no amulet)
HPRegen 0.13/turn               (no ring)
MPRegen 0.09/turn               (no ring)

@: corroded
A: fangs 1, strong nose, distributed training
a: no special abilities


You were on level 5 of the Dungeon.
You visited 1 branch of the dungeon, and saw 1 of its levels.

You collected 12 gold pieces.

Inventory:

Hand Weapons
 a - a +0 short sword (weapon)
Armour
 b - a +0 leather armour (worn)
Wands
 g - a wand of digging (3)
Scrolls
 c - a scroll of fog
 d - a scroll of magic mapping
 e - 2 scrolls of fear
Potions
 f - a potion of haste


   Skills:
 + Level 6.5 Fighting
 + Level 4.6 Short Blades
 + Level 1.0 Long Blades
 + Level 1.0 Axes
 + Level 1.0 Maces & Flails
 + Level 1.0 Polearms
 + Level 1.0 Staves
 + Level 1.0 Slings
 + Level 1.0 Bows
 + Level 1.0 Crossbows
 + Level 1.0 Throwing
 + Level 1.0 Armour
 + Level 4.6 Dodging
 + Level 9.6 Stealth
 + Level 1.0 Shields
 + Level 1.0 Unarmed Combat
 + Level 1.0 Spellcasting
 + Level 0.7 Conjurations
 + Level 0.7 Hexes
 + Level 0.7 Summonings
 + Level 0.7 Necromancy
 + Level 0.7 Translocations
 + Level 0.7 Transmutations
 + Level 0.7 Fire Magic
 + Level 0.7 Ice Magic
 + Level 0.7 Air Magic
 + Level 0.7 Earth Magic
 + Level 0.7 Poison Magic
 + Level 1.1 Invocations
 + Level 1.0 Evocations


You had 5 spell levels left.
You didn't know any spells.
Your spell library was empty.

Dungeon Overview and Level Annotations

Branches:
Dungeon (5/15)
 Temple: D:4-7

Altars:


Innate Abilities, Weirdness & Mutations

You have very sharp teeth.
Your uncanny sense of smell can sniff out nearby items.
Your experience applies equally to all skills.


Message History

The jelly hits you but does no damage.
You hit the jelly. The acid corrodes you!
Your hands burn!
The jelly is almost dead.
The jelly hits you. The acid corrodes you!
You are splashed with acid!
You barely miss the jelly.
The jelly is almost dead.
You hit the jelly.
You kill the jelly!
The orc priest miscasts a cantrip.
Your Long Blades skill increases to level 1!
Your Axes skill increases to level 1!
Your Maces & Flails skill increases to level 1!
Your Polearms skill increases to level 1!
Your Staves skill increases to level 1!
Your Slings skill increases to level 1!
Your Bows skill increases to level 1!
Your Crossbows skill increases to level 1!
Your Throwing skill increases to level 1!
Your Armour skill increases to level 1!
Your Shields skill increases to level 1!
Your Unarmed Combat skill increases to level 1!
Your Spellcasting skill increases to level 1!
Your Invocations skill increases to level 1!
Your Evocations skill increases to level 1!
You have reached level 4!
You feel stronger. The orc priest hits you with a +0 club.
* * * LOW HITPOINT WARNING * * *
There is an open door here.
You see here a hound corpse.
You closely miss the orc priest. The orc priest hits you with a +0 club.
* * * LOW HITPOINT WARNING * * *
You barely miss the orc priest. The orc priest hits you with a +0 club.
* * * LOW HITPOINT WARNING * * *
You hit the orc priest.
The orc priest is lightly wounded.
The orc priest looks braver for a moment.
You hit the orc priest but do no damage.
The orc priest is lightly wounded.
The orc priest hits you with a +0 club.
You die...

#..........
#/##.#...#
#.#......####
##.##.#....[.# ###..
####.....# .# ∆...$
∆##...## ..####..
####..#......# ..#.
#.##.#...+....... .
... #o@......#.<.....
#.
#+.##!##...###..##..#
##.##...###....# #+#
+#. .........#.....#
...............#
.####...##.....# ∆
####...########
+.............# ###+#
#.............#
#...##


You could see an orc priest.

Vanquished Creatures
  A jelly (D:5)
  A hound (D:5)
2 creatures vanquished.

Notes
Turn   | Place    | Note
-------+----------+-------------------------------------------
     0 | D:5      | Reached skill level 9 in Stealth
     0 | D:5      | DocClef the Gnoll Delver began the quest for the Orb.
     0 | D:5      | Reached XP level 1. HP: 23/23 MP: 1/1
    58 | D:5      | Noticed an ice beast
    70 | D:5      | Noticed a hound
    71 | D:5      | Noticed a jelly
    76 | D:5      | Killed a hound
    77 | D:5      | Reached XP level 2. HP: 29/29 MP: 2/2
    77 | D:5      | Reached XP level 3. HP: 35/35 MP: 3/3
    85 | D:5      | Reached skill level 1 in Long Blades
    85 | D:5      | Reached skill level 1 in Axes
    85 | D:5      | Reached skill level 1 in Maces & Flails
    85 | D:5      | Reached skill level 1 in Polearms
    85 | D:5      | Reached skill level 1 in Staves
    85 | D:5      | Reached skill level 1 in Slings
    85 | D:5      | Reached skill level 1 in Bows
    85 | D:5      | Reached skill level 1 in Crossbows
    85 | D:5      | Reached skill level 1 in Throwing
    85 | D:5      | Reached skill level 1 in Armour
    85 | D:5      | Reached skill level 1 in Shields
    85 | D:5      | Reached skill level 1 in Unarmed Combat
    85 | D:5      | Reached skill level 1 in Spellcasting
    85 | D:5      | Reached skill level 1 in Invocations
    85 | D:5      | Reached skill level 1 in Evocations
    85 | D:5      | Reached XP level 4. HP: 13/41 MP: 3/5
    87 | D:5      | HP: 1/41 [orc priest/+0 club (4)]
    89 | D:5      | Slain by an orc priest

Illustrated notes

Levels and vault maps discovered:
D:5:      layout_gridville, minmay_misc_feat_chi,
          minmay_fractal_squares_gapless_5, uniq_sigmund, uniq_pikel

Skill      XL: |  1  2  3 |
---------------+----------+-----
Stealth        | |  9.6
Long Blades    | 1 |  1.0
Axes           | 1 |  1.0
Maces & Flails | 1 |  1.0
Polearms       | 1 |  1.0
Staves         | 1 |  1.0
Slings         | 1 |  1.0
Bows           | 1 |  1.0
Crossbows      | 1 |  1.0
Throwing       | 1 |  1.0
Armour         | 1 |  1.0
Shields        | 1 |  1.0
Unarmed Combat | 1 |  1.0
Spellcasting   | 1 |  1.0
Invocations    | 1 |  1.1
Evocations     | 1 |  1.0
Fighting       | |  6.5
Short Blades   | |  4.6
Dodging        | |  4.6
Conjurations   | |  0.7
Hexes          | |  0.7
Summonings     | |  0.7
Necromancy     | |  0.7
Translocations | |  0.7
Transmutations | |  0.7
Fire Magic     | |  0.7
Ice Magic      | |  0.7
Air Magic      | |  0.7
Earth Magic    | |  0.7
Poison Magic   | |  0.7

Action                   |  1- 3 |  4- 6 || total
-------------------------+-------+-------++-------
Melee: Short sword       |    12 |     4 ||    16
       Bite              |     3 |       ||     3
Armor: Leather armour    |     3 |       ||     3
Dodge: Dodged            |     7 |       ||     7

Table legend: (Time is in decaauts)
 A = Elapsed time spent in this place.
 B = Non-inter-level travel time spent in this place.
 C = Inter-level travel time spent in this place.
 D = Time resting spent in this place.
 E = Time spent auto-exploring this place.
 F = Levels seen in this place.
 G = Mean time per level.
                   A        B        C        D        E       F      G
               +--------+--------+--------+--------+--------+-----+--------+
         Total |     87 |     87 |      0 |      0 |     55 |   1 |   87.0 |
       Dungeon |     87 |     87 |      0 |      0 |     55 |   1 |   87.0 |
               +--------+--------+--------+--------+--------+-----+--------+

Top non-repeatable levels by time:
     D:5: 87 daAuts
